 Dungeon Crawl Stone Soup version 0.30-a0-371-gad7725a93e (webtiles) character file.

Game seed: 13967179050270664076

1019 purpskrrrp the Covert (level 8, 0/31 HPs)
             Began as a Felid Conjurer on Nov 23, 2022.
             Was a Follower of Makhleb.
             Slain by an ogre
             ... wielding a +0 giant club
              (31 damage)
             ... on level 7 of the Dungeon.
             The game lasted 00:13:19 (7888 turns).

purpskrrrp the Covert (Felid Conjurer)              Turns: 7888, Time: 00:13:20

Health: 0/31       AC:  2    Str:  3    XL:     8   Next: 2%
Magic:  12/16      EV: 20    Int: 21    God:    Makhleb [*.....]
Gold:   409        SH:  0    Dex: 15    Spells: 14/17 levels left
                                        Lives:  0   Deaths: 2

rFire   . . .      SeeInvis +    (weapon unavailable)
rCold   . . .      Faith    .    (shield unavailable)
rNeg    . . .      Spirit   .    (body armour unavailable)
rPois   .          Reflect  .    (helmet unavailable)
rElec   .          Harm     .    (cloak unavailable)
rCorr   .          Rampage  .    (gloves unavailable)
Will    +....                    (boots unavailable)
Stlth   ++++......               (no amulet)
HPRegen 1.05/turn                (no ring)
MPRegen 0.15/turn                (no ring)

@: quick
A: very small, claws 1, fangs 3, see invisible, speed 1, shaggy fur 2, stealthy
paws, no weapons or thrown items, no armour, multi-lived, mutation resistance 1,
regeneration 1
a: Renounce Religion


You were on level 7 of the Dungeon.
You worshipped Makhleb.
Makhleb was aware of your devotion.
You visited 1 branch of the dungeon, and saw 7 of its levels.

You collected 409 gold pieces.

Inventory:

Jewellery
 s - a ring of magical power
Wands
 j - a wand of polymorph (4)
 p - a wand of roots (7)
 q - a wand of paralysis (11)
Scrolls
 a - a scroll of magic mapping {unknown}
 b - a scroll of amnesia
 c - a scroll of brand weapon {unknown}
 f - 2 scrolls of teleportation
 i - 2 scrolls of poison
 l - 7 scrolls of identify
 t - a scroll of butterflies {unknown}
Potions
 d - 2 potions of haste
 e - 3 potions of attraction
 g - 3 potions of invisibility {unknown}
 h - 3 potions of lignification
 k - a potion of resistance {unknown}
 m - 2 potions of curing {unknown}
 n - 2 potions of heal wounds {unknown}
 o - 4 potions of flight {unknown}
 r - a potion of brilliance {unknown}


   Skills:
 + Level 7.3 Dodging
 + Level 8.0 Stealth
 + Level 5.1 Spellcasting
 + Level 6.0 Conjurations


You had 14 spell levels left.
You knew the following spells:

 Your Spells              Type           Power      Damage    Failure   Level
a - Magic Dart            Conj           100%       1d8       1%          1
b - Searing Ray           Conj           60%        2d6       1%          2

Your spell library contained the following spells:

 Spells                   Type           Power      Damage    Failure   Level
 Dazzling Flash           Conj/Hex       34%        N/A       10%         3
 Fulminant Prism          Conj/Hex       8%         3d7       30%         4
 Iskenderun's Mystic Bla  Conj/Tloc      17%        2d5       30%         4


Dungeon Overview and Level Annotations

Branches:
Dungeon (7/15)
 Temple: D:4-7

Altars:
Cheibriados
Dithmenos
Kikubaaqudgha
Makhleb
Nemelex Xobeh
Okawaru
Qazlal
Vehumet
Xom
Yredelemnul

Annotations:
D:5 Edmund
D:6 3 runed translucent doors


Innate Abilities, Weirdness & Mutations

You have sharp claws.
You have razor-sharp teeth.
You have supernaturally acute eyesight. (SInv)
You cover ground quickly. (Speed+)
You are covered in thick fur. (AC +2)
Your paws help you pounce on unaware monsters.
You are incapable of wielding weapons or throwing items.
You cannot wear armour.
You gain extra lives every three experience levels.
You are somewhat resistant to further mutation.
Your natural rate of healing is unusually fast.


Message History

The magic dart hits the ogre.
The ogre is moderately wounded.
The ogre shouts!
The magic dart hits the ogre!
The ogre is heavily wounded.
A bullfrog comes into view.
The magic dart hits the ogre.
The ogre is heavily wounded.
The bullfrog gives a loud, deep croak!
The magic dart hits the ogre.
The ogre is severely wounded.
The magic dart hits the ogre.
The ogre is severely wounded.
You scratch the bullfrog.
The bullfrog is lightly wounded.
The bullfrog misses you.
You scratch the ogre.
The ogre is severely wounded.
The bullfrog closely misses you. The ogre misses you. The bullfrog misses you.
You scratch the ogre.
The ogre is severely wounded.
The bullfrog closely misses you. The ogre barely misses you.
You scratch the ogre.
The ogre is almost dead.
The bullfrog barely misses you. The bullfrog closely misses you.
You scratch the ogre.
The ogre is almost dead.
The bullfrog barely misses you. The ogre closely misses you.
You barely miss the ogre. You bite the ogre, but do no damage.
The ogre is almost dead.
The bullfrog closely misses you. x2; The ogre misses you.
You scratch the ogre but do no damage.
The ogre is almost dead.
The bullfrog barely misses you.
You barely miss the ogre.
The ogre is almost dead.
The bullfrog completely misses you.
The ogre hits you with a +0 giant club!!
Ouch! That really hurt!
You die...

## .#### .
....#### ..
###....#### ...
.#####....####
...# .(#
####....####
...# ...#
####....##....#
####
####.@....#
##OF...#
#.....#
##.....# #
.....# ###
......# ..##
....... ...###
#......
.....### ..


You could see an ogre and a bullfrog.

Vanquished Creatures
  A wyvern (D:7)
  Eustachio (D:5)
  A water moccasin (D:7)
  A black bear (D:7)
  2 bullfrogs
  A necrophage (D:5)
  4 scorpions
  A howler monkey (D:7)
  A jelly (D:5)
  A gnoll bouda (D:5)
  5 hounds
  2 orc priests
  An orc wizard (D:3)
  5 gnolls
  5 adders
  2 white imps
  2 dart slugs (D:1)
  24 orcs
  7 endoplasms
  3 giant cockroaches
  6 goblins
  8 hobgoblins
  A quokka (D:2)
  A ball python (D:3)
  4 bats
  4 frilled lizards
  2 kobolds (D:1)
  8 rats
104 creatures vanquished.

Notes
Turn   | Place    | Note
-------+----------+-------------------------------------------
     0 | D:1      | purpskrrrp the Felid Conjurer began the quest for the Orb.
     0 | D:1      | Reached XP level 1. HP: 7/7 MP: 4/4
   256 | D:1      | Reached skill level 3 in Stealth
   337 | D:1      | Reached XP level 2. HP: 11/11 MP: 3/6
  1239 | D:1      | Reached XP level 3. HP: 14/14 MP: 4/7
  1930 | D:2      | Reached skill level 4 in Stealth
  1930 | D:2      | Reached XP level 4. HP: 18/18 MP: 3/8
  2226 | D:2      | Identified the +7 whip "Tanyurgh" {holy, rF+ Dex+2}
  2778 | D:3      | Killed from afar by an orc wizard
  2779 | D:3      | Reached XP level 3. HP: -2/14 MP: 3/8
  2879 | D:3      | Found a basalt altar of Yredelemnul.
  3006 | D:3      | Found a burning altar of Makhleb.
  3007 | D:3      | Found an iron altar of Okawaru.
  3010 | D:3      | Found a shimmering altar of Xom.
  3015 | D:3      | Became a worshipper of Makhleb the Destroyer
  3114 | D:3      | Found a faded altar of an unknown god.
  3272 | D:3      | Reached XP level 4. HP: 18/18 MP: 2/9
  3665 | D:3      | Gained mutation: You sometimes lose your temper in combat.
                  | [potion of mutation]
  3665 | D:3      | Gained mutation: You occasionally lose the ability to drink
                  | potions when taking damage. [potion of mutation]
  3665 | D:3      | Lost mutation: You sometimes lose your temper in combat.
                  | [potion of mutation]
  3666 | D:3      | Lost mutation: You occasionally lose the ability to drink
                  | potions when taking damage. [potion of mutation]
  3666 | D:3      | Gained mutation: You are clumsy. (Dex -2) [potion of
                  | mutation]
  3744 | D:4      | Reached XP level 5. HP: 21/21 MP: 5/10
  3790 | D:4      | Reached skill level 5 in Stealth
  3801 | D:4      | HP: 1/21 [poisoned by a scorpion]
  4824 | D:4      | Lost mutation: You are clumsy. (Dex -2) [potion of
                  | mutation]
  4824 | D:4      | Gained mutation: You are somewhat resistant to further
                  | mutation. [potion of mutation]
  4824 | D:4      | Gained mutation: Your natural rate of healing is unusually
                  | fast. [potion of mutation]
  4834 | D:5      | Entered Level 5 of the Dungeon
  4838 | D:5      | Learned a level 2 spell: Searing Ray
  5047 | D:5      | Reached skill level 5 in Dodging
  5047 | D:5      | Gained mutation: You are covered in thick fur. (AC +2)
                  | [Felid growth]
  5047 | D:5      | Reached XP level 6. HP: 17/24 MP: 1/12
  5145 | D:5      | Found a snail-covered altar of Cheibriados.
  5177 | D:5      | Reached * piety under Makhleb
  5545 | D:5      | Reached skill level 6 in Stealth
  5707 | D:5      | Reached skill level 5 in Conjurations
  5707 | D:5      | Reached XP level 7. HP: 25/27 MP: 0/13
  6322 | D:6      | Noticed Eustachio
  6322 | D:6      | Noticed Edmund
  6336 | D:5      | Killed Eustachio
  6549 | D:5      | Mangled by Edmund
  6550 | D:5      | Reached XP level 6. HP: -10/24 MP: 0/13
  6637 | D:6      | Found a sparkling altar of Nemelex Xobeh.
  6854 | D:6      | Found a runed translucent gate.
  6854 | D:6      | Found a runed translucent gate.
  6854 | D:6      | Found a runed translucent gate.
  7010 | D:6      | Reached skill level 7 in Stealth
  7074 | D:6      | Found a stormy altar of Qazlal.
  7201 | D:6      | Noticed a steam dragon
  7202 | D:6      | Noticed a steam dragon
  7204 | D:6      | You fall into a shaft and drop 1 floor!
  7221 | D:7      | Found a radiant altar of Vehumet.
  7253 | D:7      | Found a shadowy altar of Dithmenos.
  7353 | D:7      | Reached XP level 7. HP: 27/27 MP: 1/14
  7611 | D:7      | Noticed a wyvern
  7630 | D:7      | Killed a wyvern
  7631 | D:7      | Reached skill level 5 in Spellcasting
  7750 | D:7      | Found an ancient bone altar of Kikubaaqudgha.
  7850 | D:7      | Reached skill level 8 in Stealth
  7850 | D:7      | Reached XP level 8. HP: 8/31 MP: 11/16
  7888 | D:7      | Slain by an ogre

Illustrated notes

Levels and vault maps discovered:
D:1:      psy_arrival_radial02, layout_basic, st_stairs_5
D:2:      layout_loops_ring
D:3:      layout_basic, mainiacjoe_overflow_cross_hatched,
          gammafunk_temple_overflow_forgotten, basic_ecumenical_altar
D:4:      layout_basic
D:5:      layout_loops_ring, cheibriados_altar_1
D:6:      kennysheep_steamy, layout_basic, nicolae_uskayaw_dance_studio,
          nemelex_xobeh_ov_fountains_minmay, kennysheep_mini, serial_shops,
          nicolae_square_shop, gammafunk_ghost_necromancy, uniq_eustachio,
          uniq_edmund
D:7:      layout_cave_pods, nicolae_vehumet_altar_sigil,
          mainiacjoe_overflow_alcove_2, mainiacjoe_overflow_brackets,
          minmay_temple_entry_steel_oval

Skill      XL: |  1  2  3  4  5  6  7 |
---------------+----------------------+-----
Stealth        | 3 4 5 7 8 |  8.0
Dodging        | 3 4 5 7 |  7.3
Conjurations   | 4 5 6 |  6.0
Spellcasting   | 3 5 |  5.1

Action                   |  1- 3 |  4- 6 |  7- 9 || total
-------------------------+-------+-------+-------++-------
Melee: Unarmed           |    57 |    34 |    47 ||   138
       Bite              |    10 |     6 |     5 ||    21
       Punch             |       |       |     1 ||     1
 Cast: Magic Dart        |    85 |   183 |    73 ||   341
       Searing Ray       |       |       |     7 ||     7
  Use: Scroll            |     7 |     4 |     1 ||    12
       Potion            |       |     6 |     1 ||     7
Armor: Skin              |     5 |     3 |     4 ||    12
Dodge: Dodged            |    49 |    66 |    97 ||   212

Table legend: (Time is in decaauts)
 A = Elapsed time spent in this place.
 B = Non-inter-level travel time spent in this place.
 C = Inter-level travel time spent in this place.
 D = Time resting spent in this place.
 E = Time spent auto-exploring this place.
 F = Levels seen in this place.
 G = Mean time per level.
                   A        B        C        D        E       F      G
               +--------+--------+--------+--------+--------+-----+--------+
         Total |   7033 |   6768 |    265 |   1024 |   4936 |   7 | 1004.7 |
       Dungeon |   7033 |   6768 |    265 |   1024 |   4936 |   7 | 1004.7 |
               +--------+--------+--------+--------+--------+-----+--------+

Top non-repeatable levels by time:
     D:5: 1458 daAuts
     D:1: 1396 daAuts
     D:3: 1151 daAuts
     D:2: 934 daAuts
     D:4: 901 daAuts
     D:7: 644 daAuts
     D:6: 546 daAuts
